Cogmind - Beta 11.1 @@@ ROGUE MODE // 2022.06.27 @ 11:30:03 Player: s0lid Result: Destroyed by S-10 Pest with Light Assault Rifle Performance ------------- Evolutions (1) 500 Regions Visited (2) 400 Robots Destroyed (19) 95 Value Destroyed (359) 359 Prototype IDs (3) 60 Alien Tech Used (0) 0 Bonus (0) 0 TOTAL SCORE: 1414 Bonus ------- None Cogmind --------- Core Integrity 0/400 Matter 275/300 Energy 55/100 System Corruption 0% Temperature Cool (32) Movement Core (50) Location -9/Materials Parts ------- > --- POWER (1) -------- (None) > --- PROPULSION (2) --- (None) > --- UTILITY (4) ------ Visual Processing Unit > --- WEAPON (2) ------- Spread Laser > --- INVENTORY (5) ---- Medium Storage Unit Medium Matter Pod (100) Mining Laser Mining Claw Mining Claw Peak State ------------ > --- POWER ------------ Ion Engine > --- PROPULSION ------- Armored Wheel Armored Wheel > --- UTILITY ---------- High-capacity Storage Unit Visual Processing Unit Sensor Array > --- WEAPON ----------- Heavy EM Pulse Gun Heavy Assault Rifle > --- INVENTORY -------- Ion Engine Aluminum Leg Armored Wheel Medium Storage Unit Medium Matter Pod Medium Matter Pod Medium Matter Pod Medium Matter Pod Visual Processing Unit Beam Cannon Grenade Launcher Datajack Mining Laser Mining Claw Mining Claw Mining Claw Mining Claw Mining Claw [Rating: 15] Favorites ----------- Power Ion Engine Engine Ion Engine Propulsion Armored Wheel Leg Aluminum Leg Wheel Armored Wheel Utility Visual Processing Unit Device Sensor Array Storage High-capacity Storage Unit Processor Visual Processing Unit Weapon Heavy EM Pulse Gun Energy Gun Heavy EM Pulse Gun Ballistic Gun Heavy Assault Rifle Special Melee Weapon Datajack Build | -11 -10 -9 ------- Run | Scr Mat Mat Slots Evolved 2 | . . 2 Power . | . . . Propulsion . | . . . Utility 2 | . . 2 Weapon . | . . . Parts Attached 28 | 6 15 7 Power 2 | 1 . 1 Engine 2 | 1 . 1 Core . | . . . Reactor . | . . . Propulsion 11 | 2 7 2 Treads . | . . . Leg 5 | 1 3 1 Wheel 6 | 1 4 1 Hover . | . . . Flight . | . . . Utility 6 | 1 3 2 Device 1 | . . 1 Storage 4 | 1 2 1 Processor 1 | . 1 . Hackware . | . . . Protection . | . . . Artifact . | . . . Weapon 9 | 2 5 2 Energy Gun 6 | 2 3 1 Energy Cannon . | . . . Ballistic Gun 1 | . 1 . Ballistic Cannon . | . . . Launcher . | . . . Special Weapon . | . . . Impact Weapon . | . . . Slashing Weapon . | . . . Piercing Weapon . | . . . Special Melee Weapon 2 | . 1 1 Unidentified Prototypes . | . . . Parts Lost 11 | . 1 10 Power 2 | . . 2 Propulsion 4 | . . 4 Utility 1 | . . 1 Weapon 4 | . 1 3 Highest Loss Streak 10 | . 1 10 To Critical Strikes . | . . . Average Slot Usage (%) 91 | . 95 66 Engine 13 | . 14 7 Leg 6 | . 7 . Wheel 19 | . 20 15 Device 1 | . . 7 Storage 13 | . 14 9 Processor 10 | . 10 11 Energy Gun 19 | . 21 7 Ballistic Gun 4 | . 3 6 Special Melee Weapon 2 | . 2 . Naked Turns . | . . . Heaviest Build 52 | 14 51 52 Greatest Support 24 | 10 24 24 Greatest Overweight (x) 3 | 1 2 3 Average Overweight (x) 1 | . 1 1 Largest Inventory Capacity 20 | 8 20 20 Average Capacity 14 | 6 14 17 Most Carried 20 | 7 20 18 Average Carried 12 | 4 13 15 Final Capacity 20 | 8 20 5 Final Carried 19 | 6 19 5 Class Distribution -------------------- 100% | Mutant Dominant Class ---------------- Mutant | -10/Materials Mutant | -9/Materials Resources | -11 -10 -9 ----------- Run | Scr Mat Mat Matter Collected 634 | 260 374 . Remotely . | . . . Salvage Created 628 | . 588 40 Parts 45 | . 39 6 Haulers Intercepted 2 | . 2 . Recyclers Shooed 1 | . 1 . Parts Field Recycled . | . . . Retrieved Matter . | . . . Parts Self-Destructed . | . . . Prevented . | . . . Kills | -11 -10 -9 ------- Run | Scr Mat Mat Combat Hostiles Destroyed 12 | . 9 3 Guns 10 | . 7 3 AOE 1 | . 1 . Classes Destroyed 6 | . 6 . Worker 1 | . 1 . Hauler 2 | . 2 . Operator 1 | . 1 . Watcher 3 | . 3 . Swarmer 6 | . 3 3 Grunt 6 | . 6 . Best Kill Streak 6 | . 6 3 Combat Bots Only 4 | . 4 3 Max Kills in Single Turn 2 | . 1 2 Gunslinging . | . . . Exploded 1 | . 1 . Melee . | . . . Uniques/NPCs Destroyed . | . . . Combat | -11 -10 -9 -------- Run | Scr Mat Mat Damage Taken 1400 | . 313 1087 Core 476 | . 72 404 Absorbed by Shields . | . . . Regen/Repaired (Parts) 51 | . 51 . Core Remaining (%) 85 | 100 71 . Volleys Fired 39 | . 36 3 Largest 2 | . 2 1 Hottest 90 | . 90 65 Shots Fired 65 | . 62 3 Gun 65 | . 62 3 Cannon . | . . . Launcher . | . . . Special . | . . . Kinetic 2 | . 2 . Thermal 3 | . . 3 Explosive . | . . . Electromagnetic 60 | . 60 . Robot Hit Streak 8 | . 8 2 Robot Miss Streak 4 | . 4 4 Penetration Max . | . . . Secondary Targets . | . . . Shots Hit Robots 42 | . 39 3 Core Hits 23 | . 16 7 Critical Kills . | . . . Critical Parts Destroyed . | . . . Critical Strikes 1 | . 1 . Corrupt 1 | . 1 . Melee Attacks . | . . . Impact . | . . . Slashing . | . . . Piercing . | . . . Sneak Attacks . | . . . Combat Hostiles . | . . . Follow-up Attacks . | . . . Damage Inflicted 814 | . 749 65 Guns 688 | . 645 43 Cannons . | . . . Explosions 104 | . 104 . Melee . | . . . Ramming 22 | . . 22 Kinetic 17 | . 17 . Thermal 147 | . 104 43 Explosive . | . . . Electromagnetic 628 | . 628 . Impact . | . . . Slashing . | . . . Piercing . | . . . Highest Corruption . | . . . Average Corruption . | . . . Corruption Purged . | . . . Corruption Blocked . | . . . Overload Shots . | . . . Overflow Damage 1 | . 1 . Projectiles . | . . . Explosions 1 | . 1 . Melee . | . . . Knockbacks . | . . . Impact . | . . . Kinetic . | . . . Secondary . | . . . Self-Inflicted Damage 10 | . . 10 Shots . | . . . Rammed 5 | . . 5 Targets Rammed 5 | . . 5 Kicked . | . . . Crushed . | . . . Highest Temperature 178 | . 178 32 Average Temperature 60 | . 62 16 Received Heat Transfer 258 | . 78 180 Siege Activations . | . . . Robots Corrupted 2 | . 2 . Combat Hostiles 1 | . 1 . Parts Fried 4 | . 4 . Impact Corruptions . | . . . Robots Melted . | . . . Combat Hostiles . | . . . Parts Melted . | . . . Heat Transferred 145 | . 100 45 Parts Sabotaged . | . . . Parts Stolen . | . . . Parts Stripped . | . . . Power Chain Reactions 2 | . 2 . Missiles Intercepted . | . . . Alert | -11 -10 -9 ------- Run | Scr Mat Mat Peak Influence 247 | . 247 70 Initial . | . . . Average 52 | . 65 1 Maximum Alert Level 1 | . 1 . Low Security (%) 96 | 100 96 100 Level 1 3 | . 3 . Level 2 . | . . . Level 3 . | . . . Level 4 . | . . . Level 5 . | . . . High Security . | . . . Max Security . | . . . Squads Dispatched . | . . . Investigation . | . . . Extermination . | . . . Reinforcement . | . . . Assault . | . . . Garrison . | . . . Intercept . | . . . Searches Triggered . | . . . Construction Impeded . | . . . Haulers Reinforced . | . . . Active Scanning Responses . | . . . Cargo Convoy Interrupts . | . . . Stealth | -11 -10 -9 --------- Run | Scr Mat Mat Distress Signals 1 | . 1 . Communications Jammed . | . . . Distress Signals . | . . . Times Spotted 32 | . 13 19 Peak Tracking Total 19 | . 4 19 Tactical Retreats 1 | . 1 . Traps | -11 -10 -9 ------- Run | Scr Mat Mat Traps Triggered 2 | . 2 . Indirectly . | . . . Trap Hack Attempts 12 | . 12 . Triggered . | . . . Disarmed 4 | . 4 . Reprogrammed 1 | . 1 . Reused . | . . . Traps Extracted . | . . . Installed . | . . . Triggered . | . . . Machines | -11 -10 -9 ---------- Run | Scr Mat Mat Machines Disabled . | . . . Max in Single Turn . | . . . Machines Sabotaged . | . . . Garrisons Compromised . | . . . Overloaded Fab Kills . | . . . Hacking | -11 -10 -9 --------- Run | Scr Mat Mat Machines Accessed 5 | . 5 . Terminals 4 | . 4 . Fabricators . | . . . Repair Stations 1 | . 1 . Recycling Units . | . . . Scanalyzers . | . . . Garrison Access . | . . . Total Hacks 16 | . 16 . Successful 11 | . 11 . Failed 5 | . 5 . Catastrophic . | . . . Database Lockouts . | . . . Manual 3 | . 3 . Terminals 14 | . 14 . Fabricators . | . . . Repair Stations 2 | . 2 . Recycling Units . | . . . Scanalyzers . | . . . Garrison Access . | . . . Terminal Hacks 9 | . 9 . Prototype ID Bank 2 | . 2 . Branch Access Points 1 | . 1 . Unreport Threat 1 | . 1 . Locate Traps 3 | . 3 . Disarm Traps 1 | . 1 . Patrol Status 1 | . 1 . Fabricator Hacks . | . . . Repair Station Hacks 2 | . 2 . Scan Component 1 | . 1 . Repair 1 | . 1 . Recycling Unit Hacks . | . . . Scanalyzer . | . . . Garrison Access Hacks . | . . . Unauthorized Hacks . | . . . Terminals . | . . . Fabricators . | . . . Repair Stations . | . . . Recycling Units . | . . . Scanalyzers . | . . . Garrison Access . | . . . Data Cores Recovered 1 | . 1 . Used 1 | . 1 . Hacking Detections 5 | . 5 . Full Trace Events . | . . . Feedback Events . | . . . Feedback Blocked . | . . . Robot Schematics Acquired . | . . . Robots Built . | . . . Authchips . | . . . Time . | . . . Total Robot Build Rating . | . . . Part Schematics Acquired . | . . . Parts Built . | . . . Authchips . | . . . Time . | . . . Total Part Build Rating . | . . . Parts Repaired 1 | . 1 . Time 36 | . 36 . Parts Recycled . | . . . Recycled Matter . | . . . Retrieved Matter . | . . . Retrieved Components . | . . . Parts Scanalyzed . | . . . Part Schematics Acquired . | . . . Parts Damaged . | . . . Bothacking | -11 -10 -9 ------------ Run | Scr Mat Mat Used RIF Installer . | . . . Robots Hacked . | . . . Non-combat . | . . . Combat . | . . . Robot Hacks Applied . | . . . Relay Couplers Released . | . . . Fabnet Peak Effective % . | . . . Robots Rewired . | . . . Allies Hacked . | . . . Hacks Repelled . | . . . Allies | -11 -10 -9 -------- Run | Scr Mat Mat Total Allies . | . . . Largest Group . | . . . Highest-Rated Group . | . . . Highest-Rated Ally . | . . . Total Orders . | . . . Ally Attacks . | . . . Total Damage . | . . . Kills . | . . . Allies Corrupted . | . . . Allies Melted . | . . . Intel | -11 -10 -9 ------- Run | Scr Mat Mat Robot Analysis Total . | . . . Derelict Logs Recovered . | . . . Drone Launches . | . . . Drone Recoveries . | . . . Exploration | -11 -10 -9 ------------- Run | Scr Mat Mat Turns Passed 1000 | 64 804 132 Spaces Moved 678 | 56 516 106 Core 30 | 8 . 22 Treads . | . . . Legs 127 | 2 125 . Wheels 521 | 46 391 84 Hover . | . . . Flight . | . . . Fastest Speed 50 | 50 90 50 Average Speed 109 | 86 112 103 Slowest Speed 190 | 120 190 135 Overloaded Moves . | . . . Propulsion Burnouts . | . . . Robots Hopped . | . . . Cave-ins Triggered . | . . . Exploration Rate (%) 30 | 3 75 13 Regions Visited 2 Branch Regions . Pre-discovered Areas . | . . . Known Exits Taken . | . . . Unknown Exits Taken 2 | 1 1 . Scrap Searched . | . . . Spaces Dug . | . . . Terrain Destroyed 4 | . 4 . Melee . | . . . Projectile . | . . . AOE 4 | . 4 . Terrain Rammed . | . . . Walls Destroyed . | . . . Machines Disabled . | . . . Actions | -11 -10 -9 --------- Run | Scr Mat Mat Total 876 | 68 684 124 Wait 60 | . 59 1 Move 676 | 55 515 106 Hop . | . . . Pick Up 35 | 7 28 . Fast Attach 11 | 5 3 3 Attach 6 | 1 1 4 Detach . | . . . Swap 11 | . 11 . Drop 21 | . 19 2 Fire 39 | . 36 3 Melee . | . . . Ram 5 | . . 5 Kick . | . . . Crush . | . . . Escape Stasis . | . . . Rewire . | . . . Trap 12 | . 12 . Miscellaneous . | . . . Route ------- -11/Scrapyard -10/Materials (discovered 3 exits: [*Mat x2] / *Min) -9/Materials History --------- Turn | Location | Event 9 | -11/Scrapyard | Discovered new exit (range 15) 65 | -11/Scrapyard | Entered Materials 106 | -10/Materials | Identified exit to Mines 188 | -10/Materials | Discovered new exit (range 7) 302 | -10/Materials | Build established: Mutant 764 | -10/Materials | Discovered new exit (range 13) 830 | -10/Materials | Repaired Corrupted Med. Storage Unit 869 | -10/Materials | Entered another Materials area 869 | -9/Materials | Evolved 2 slots: Utility x2 977 | -9/Materials | Core integrity fell below 50% 991 | -9/Materials | Core integrity fell below 20% 1001 | -9/Materials | Destroyed by S-10 Pest with Light Assault Rifle Last Messages --------------- 00967_ Critical hit (Burn: +37). 00969_ Arm. Wheel destroyed. 00970_ S-10 Pest destroyed. 00972_ Slammed into S-10 Pest. 00973_ G-34 Mercenary destroyed. 00974_ Slammed into S-10 Pest. 00975_ Aluminum Leg destroyed. 00977_ S-10 Pest destroyed. 00978_ Ion Engine destroyed. 00979_ Arm. Wheel destroyed. 00980_ Dropped Hcp. Storage Unit. 00980_ Acquired Hcp. Storage Unit. 00982_ Dropped Hcp. Storage Unit. 00983_ T-07 Excavator is excavating. 00984_ Acquired Datajack. 00987_ T-07 Excavator is excavating. 00990_ Datajack destroyed. 00991_ T-07 Excavator is excavating. 00995_ Acquired Spread Laser. 00998_ S-10 Pest destroyed. Map ----- +----------------------------------------------------+ | ?????????????????????????????????? | | ?????????????????????????????????? | | ?????????????????????????????????? | | ?????????????????????????????????? | | ????????????????#+#??????????????? | | ???????????????# ??????????????? | | ???????????????+ #??????????????? | | ???????????????# #??????????????? | | ???????????????# #??????????????? | | ???????????????# #??????????????? | | ???????????????# #??????????????? | | ???????????????# #??????????????? | | ???????####????+ +??????????????? | | ?????#?# #????# #??????????????? | | ?????# # #???## ##?????????????? | | ?????# ##### [ #?????????????? | | ?????### #?????????????? | | ???????# / #?????????????? | | ???????#####Y##!!!/#?????????????? | | ????????# Y ##!/##?????????????? | | ????????# ##]!#?????????????## | | ????????# g"""##=*#?????????????! | | ????????#[s"""##=%#####???????? | | ????????#%="""##]=%= +???????? "" | | ????????#%*"""## #####???????" "" | | ????????#@= ## #???????????" "? | | ????????########% #?????????? ?? | | ???????????????#= ###########+###? | | ????????######?# # # #? | | ????????# """ # # # #? | | ????????# "T" # # """ + #? | | ????????# " " + # """ # #? | | ????????# # # """ # #? | | ????????# # + ## ##? | | ????????# ?# # """ ## #?? | | ????????######?# # """ ## #?? | | ???????????????# # """ ## #?? | | ???????????????# # ## #?? | | ???????????????# # #? #?? | | ???????????????# #########? #?? | | ???????????????# #????????? ?? | | ???????????????# #????????? ?? | | ???????????????# #????????? ?? | | ???????????????# #????????? ? | | ???????????????# #????????? #? | | ???????????????# #?????????####?? | | ???????????????# #??????????????? | | ???????????????# #?????#######??? | | ??????????###### ####### #??? | | ??????????# #??? | +----------------------------------------------------+ Best States ------------- Heat Dissipation 28 Energy Generation 10 Energy Capacity 250 Matter Stores 300 Matter Capacity 300 Sight Range 18 Robot Scan Range 14 Terrain Scan Density 10 Evasion (%) 55 Item Schematics ----------------- None Robot Schematics ------------------ None Fabricated ------------ Nothing Alien Tech Used ----------------- None Achievements -------------- None Challenges ------------ None Game ------ Seed StasisDisruptorSteel Manual? 0 Play Time 00:14:18 Cumulative 132.1 hours Start 2022.06.27 @ 11:17:45 End 2022.06.27 @ 11:30:03 Sessions 1 Manual Loads 0 Difficulty Rogue Special Mode None Game No. 130 Rogue 130 Adventurer 0 Explorer 0 Win Type - Total 0 Types 0/0/0/0/0/0/0/0/0 Lore% 29 Gallery% 56 Achievement% 35 Wizard Run 0 Options --------- ASCII 0 Keyboard 1 Movement Vi Keybinds 0 Fullscreen 2 Font 24/Smallcaps Map View 76x50 Tactical HUD 1 Map Filters NONE Filters NONE Steam 1 RUN: 343aee81-3916-4716-94d8-b19c1c3251c9